TOP OF THE 1ST |
Scranton WB RailRiders batting - Pitching for Columbus Clippers : RHP Apostolos Tsatsos
|
Pitching: RHP Apostolos Tsatsos
|
|
Batting: RHB Neal Tinoco
|
0-0: Called Strike 0-1: Foul Ball, location: 2F 0-2: Ball 1-2: SINGLE (Line Drive, 9S, EV 96.9 MPH)
|
Batting: RHB Ryan Alban
|
0-0: Ball 1-0: Foul Ball, location: 2F 1-1: Ball 2-1: Ground out 5-3 (Groundball, 56S, EV 60.6 MPH) Neal Tinoco to second
|
Batting: RHB Sean Neuroth
|
0-0: Ball 1-0: Ball 2-0: DOUBLE (Line Drive, 89D, EV 106.9 MPH) Neal Tinoco scores
|
Batting: LHB Kazuyoshi Nakamura
|
0-0: Called Strike 0-1: Ball 1-1: Ball 2-1: SINGLE (Groundball, 34D, EV 101.9 MPH) Sean Neuroth to third Runner from 3rd tries for Home, SAFE, throw by RF to home Kazuyoshi Nakamura to second
|
Batting: RHB Scott King
|
0-0: Swinging Strike 0-1: Foul Ball, location: 2F 0-2: Ball 1-2: Ball 2-2: Reached on error, E4 (Groundball, 4, EV 85.0 MPH) Kazuyoshi Nakamura scores
|
Batting: RHB Russ Shambaugh
|
0-0: Ball 1-0: Ball 2-0: Fly out, F8 (Line Drive, 8RM, EV 94.4 MPH)
|
Batting: RHB Pat Bernier
|
0-0: Called Strike 0-1: SINGLE (Flyball, 4MD, EV 95.6 MPH) Scott King to third Runner from 3rd tries for Home, SAFE, throw by CF to home
|
Batting: LHB Brad Ritter
|
0-0: Foul Ball, location: 2F 0-1: Swinging Strike 0-2: Strikes out swinging
|
Top of the 1st over - 4 runs, 4 hits, 1 error, 1 left on base; Scranton WB 4 - Columbus 0 |
BOTTOM OF THE 1ST |
Columbus Clippers batting - Pitching for Scranton WB RailRiders : RHP Ricardo Villar
|
Pitching: RHP Ricardo Villar
|
|
Batting: SHB Jonathan DeFranco
|
0-0: Swinging Strike 0-1: Ball 1-1: Ball 2-1: Ground out 5-3 (Groundball, 56S, EV 73.8 MPH)
|
Batting: RHB Tristan Dennis
|
0-0: Called Strike 0-1: Ground out 1-3 (Groundball, 13S, EV 67.5 MPH)
|
Batting: LHB Anthony Mosley
|
0-0: Swinging Strike 0-1: Ball 1-1: SINGLE (Groundball, 4MD, EV 106.2 MPH)
|
Batting: SHB Mike Gross
|
0-0: Foul Ball, location: 2F 0-1: Ball 1-1: Called Strike Anthony Mosley steals 2nd base 1-2: Strikes out swinging
|
Bottom of the 1st over - 0 runs, 1 hit, 0 errors, 1 left on base; Scranton WB 4 - Columbus 0 |
TOP OF THE 2ND |
Scranton WB RailRiders batting - Pitching for Columbus Clippers : RHP Apostolos Tsatsos
|
Batting: LHB Justin Covington
|
0-0: Ball 1-0: TRIPLE (Line Drive, 89XD, EV 101.2 MPH)
|
Batting: RHB Neal Tinoco
|
0-0: Ball 1-0: Ball 2-0: Ball 3-0: Called Strike 3-1: Base on Balls
|
Batting: RHB Ryan Alban
|
0-0: Ball 1-0: Called Strike 1-1: Ball 2-1: Ball 3-1: Base on Balls Neal Tinoco to second
|
Batting: RHB Sean Neuroth
|
0-0: Ball 1-0: Fielders Choice at 2nd, 6-4 (Groundball, 6, EV 83.8 MPH) Justin Covington scores Neal Tinoco to third
|
Batting: LHB Kazuyoshi Nakamura
|
0-0: Fly out, F8 (Flyball, 8RD, EV 85.0 MPH) Runner from 3rd tags up, OUT at HOME! 8-2
|
Top of the 2nd over - 1 run, 1 hit, 0 errors, 1 left on base; Scranton WB 5 - Columbus 0 |
BOTTOM OF THE 2ND |
Columbus Clippers batting - Pitching for Scranton WB RailRiders : RHP Ricardo Villar
|
Batting: LHB Doug Frampton
|
0-0: Ball 1-0: Called Strike 1-1: Called Strike 1-2: Ball 2-2: Ground out 6-3 (Groundball, 4, EV 100.6 MPH)
|
Batting: RHB Chris Folse
|
0-0: Called Strike 0-1: Foul Ball, location: 2F 0-2: Ball 1-2: Foul Ball, location: 2F 1-2: Ball 2-2: Foul Ball, location: 2F 2-2: Strikes out swinging
|
Batting: SHB Danny Simmons
|
0-0: Fly out, F6 (Popup, 6, EV 55.6 MPH)
|
Bottom of the 2nd over - 0 runs, 0 hits, 0 errors, 0 left on base; Scranton WB 5 - Columbus 0 |
TOP OF THE 3RD |
Scranton WB RailRiders batting - Pitching for Columbus Clippers : RHP Apostolos Tsatsos
|
Batting: RHB Scott King
|
0-0: Called Strike 0-1: Foul Ball, location: 2F 0-2: Ball 1-2: Ball 2-2: Fly out, F9 (Flyball, 89M, EV 95.6 MPH)
|
Batting: RHB Russ Shambaugh
|
0-0: Fly out, F9 (Flyball, 9S, EV 90.6 MPH)
|
Batting: RHB Pat Bernier
|
0-0: Called Strike 0-1: Ground out 6-3 (Groundball, P, EV 78.1 MPH)
|
Top of the 3rd over - 0 runs, 0 hits, 0 errors, 0 left on base; Scranton WB 5 - Columbus 0 |
BOTTOM OF THE 3RD |
Columbus Clippers batting - Pitching for Scranton WB RailRiders : RHP Ricardo Villar
|
Batting: LHB Eric Zacher
|
0-0: Ground out 6-3 (Groundball, 6, EV 83.8 MPH)
|
Batting: RHB Nate Singleton
|
0-0: Ball 1-0: SINGLE (Groundball, 56D, EV 111.9 MPH)
|
Batting: SHB Jonathan DeFranco
|
0-0: Called Strike 0-1: Ball 1-1: Swinging Strike 1-2: Ball 2-2: Strikes out swinging
|
Batting: RHB Tristan Dennis
|
0-0: SINGLE (Line Drive, 34D, EV 95.0 MPH) Nate Singleton to second
|
Batting: LHB Anthony Mosley
|
0-0: Ball 1-0: Fly out, F9 (Flyball, 9, EV 88.1 MPH)
|
Bottom of the 3rd over - 0 runs, 2 hits, 0 errors, 2 left on base; Scranton WB 5 - Columbus 0 |
TOP OF THE 4TH |
Scranton WB RailRiders batting - Pitching for Columbus Clippers : RHP Apostolos Tsatsos
|
Batting: LHB Brad Ritter
|
0-0: Ball 1-0: SINGLE (Groundball, 34D, EV 108.1 MPH)
|
Batting: LHB Justin Covington
|
0-0: Foul Ball, location: 2F 0-1: Ball 1-1: Ball 2-1: Ground out 4-3 (Groundball, 34D, EV 98.8 MPH) Brad Ritter to second
|
Batting: RHB Neal Tinoco
|
0-0: Ball 1-0: Ball 2-0: Ball 3-0: Swinging Strike 3-1: Swinging Strike 3-2: Foul Ball, location: 2F 3-2: Foul Ball, location: 2F 3-2: Strikes out swinging
|
Batting: RHB Ryan Alban
|
0-0: Foul Ball, location: 2F 0-1: Foul Ball, location: 2F 0-2: Ground out 6-3 (Groundball, 6M, EV 101.2 MPH)
|
Top of the 4th over - 0 runs, 1 hit, 0 errors, 1 left on base; Scranton WB 5 - Columbus 0 |
BOTTOM OF THE 4TH |
Columbus Clippers batting - Pitching for Scranton WB RailRiders : RHP Ricardo Villar
|
Batting: SHB Mike Gross
|
0-0: Ball 1-0: Ball 2-0: Called Strike 2-1: Ball 3-1: SINGLE (Groundball, 6MD, EV 99.4 MPH)
|
Batting: LHB Doug Frampton
|
0-0: SINGLE (Groundball, 4MD, EV 100.6 MPH) Mike Gross to second
|
Batting: RHB Chris Folse
|
0-0: Ball 1-0: Swinging Strike 1-1: Ball 2-1: Foul Ball, location: 2F 2-2: Strikes out swinging
|
Batting: SHB Danny Simmons
|
0-0: Called Strike 0-1: Ball 1-1: Called Strike 1-2: Ball 2-2: Foul Ball, location: 2F 2-2: Foul Ball, location: 2F 2-2: Ball 3-2: Base on Balls Mike Gross to third Doug Frampton to second
|
Batting: LHB Eric Zacher
|
0-0: Ball 1-0: Swinging Strike 1-1: Ball Wild Pitch! Mike Gross scores Doug Frampton to third Danny Simmons to second 2-1: Foul Ball, location: 2F 2-2: Foul Ball, location: 2F 2-2: Foul Ball, location: 2F 2-2: Foul Ball, location: 2F 2-2: Foul Ball, location: 2F 2-2: Ball 3-2: Reached on error, E5 (Groundball, 5, EV 83.1 MPH) Doug Frampton scores Danny Simmons to third
|
Batting: RHB Nate Singleton
|
0-0: Fly out, F7 (Flyball, 7S, EV 84.4 MPH)
|
Batting: SHB Jonathan DeFranco
|
0-0: Foul Ball, location: 2F 0-1: Called Strike 0-2: Ball 1-2: Ball 2-2: Strikes out looking
|
Bottom of the 4th over - 2 runs, 2 hits, 1 error, 2 left on base; Scranton WB 5 - Columbus 2 |
TOP OF THE 5TH |
Scranton WB RailRiders batting - Pitching for Columbus Clippers : RHP Apostolos Tsatsos
|
Batting: RHB Sean Neuroth
|
0-0: Fly out, F8 (Flyball, 8RD, EV 86.9 MPH)
|
Batting: LHB Kazuyoshi Nakamura
|
0-0: Ball 1-0: Foul Ball, location: 2F 1-1: Foul Ball, location: 2F 1-2: Fly out, F8 (Flyball, 8RM, EV 91.9 MPH)
|
Batting: RHB Scott King
|
0-0: Ball 1-0: Ball 2-0: Foul Ball, location: 2F 2-1: Ball 3-1: Called Strike 3-2: Base on Balls
|
Pitching: RHP Jon Samer
|
|
Batting: RHB Russ Shambaugh
|
0-0: Swinging Strike 0-1: Swinging Strike 0-2: Strikes out looking
|
Top of the 5th over - 0 runs, 0 hits, 0 errors, 1 left on base; Scranton WB 5 - Columbus 2 |
BOTTOM OF THE 5TH |
Columbus Clippers batting - Pitching for Scranton WB RailRiders : RHP Ricardo Villar
|
Batting: RHB Tristan Dennis
|
0-0: Fly out, F8 (Flyball, 78D, EV 80.0 MPH)
|
Batting: LHB Anthony Mosley
|
0-0: Called Strike 0-1: Ball 1-1: Ball 2-1: Fly out, F9 (Flyball, 9LS, EV 89.4 MPH)
|
Batting: SHB Mike Gross
|
0-0: Ball 1-0: Ball 2-0: Ball 3-0: Base on Balls
|
Batting: LHB Doug Frampton
|
0-0: Called Strike 0-1: Ball 1-1: Ball 2-1: Ball 3-1: Foul Ball, location: 2F 3-2: Strikes out looking
|
Bottom of the 5th over - 0 runs, 0 hits, 0 errors, 1 left on base; Scranton WB 5 - Columbus 2 |
TOP OF THE 6TH |
Scranton WB RailRiders batting - Pitching for Columbus Clippers : RHP Jon Samer
|
Batting: RHB Pat Bernier
|
0-0: Called Strike 0-1: Swinging Strike 0-2: Strikes out swinging
|
Batting: LHB Brad Ritter
|
0-0: Foul Ball, location: 2F 0-1: Foul Ball, location: 2F 0-2: Ball 1-2: Fly out, F7 (Line Drive, 78M, EV 94.4 MPH)
|
Batting: LHB Justin Covington
|
0-0: Ball 1-0: Called Strike 1-1: Ball 2-1: Called Strike 2-2: Foul Ball, location: 2F 2-2: Strikes out swinging
|
Top of the 6th over - 0 runs, 0 hits, 0 errors, 0 left on base; Scranton WB 5 - Columbus 2 |
BOTTOM OF THE 6TH |
Columbus Clippers batting - Pitching for Scranton WB RailRiders : RHP Ricardo Villar
|
Batting: RHB Chris Folse
|
0-0: Called Strike 0-1: Swinging Strike 0-2: Strikes out swinging
|
Batting: SHB Danny Simmons
|
0-0: Ball 1-0: Swinging Strike 1-1: Foul Ball, location: 2F 1-2: Ball 2-2: Ball 3-2: Ground out U3 (Groundball, 34, EV 83.1 MPH)
|
Batting: LHB Eric Zacher
|
0-0: Called Strike 0-1: Ball 1-1: Swinging Strike 1-2: Strikes out swinging
|
Bottom of the 6th over - 0 runs, 0 hits, 0 errors, 0 left on base; Scranton WB 5 - Columbus 2 |
TOP OF THE 7TH |
Scranton WB RailRiders batting - Pitching for Columbus Clippers : RHP Jon Samer
|
Batting: RHB Neal Tinoco
|
0-0: Ground out 6-3 (Groundball, 6, EV 108.8 MPH)
|
Batting: RHB Ryan Alban
|
0-0: Ball 1-0: Foul Ball, location: 2F 1-1: Ground out 5-3 (Groundball, 56, EV 99.4 MPH)
|
Batting: RHB Sean Neuroth
|
0-0: Ball 1-0: Ball 2-0: Foul Ball, location: 2F 2-1: Swinging Strike 2-2: Ball 3-2: Base on Balls
|
Batting: LHB Kazuyoshi Nakamura
|
0-0: Ball 1-0: Ball 2-0: Ball 3-0: Base on Balls Sean Neuroth to second
|
Batting: RHB Scott King
|
0-0: Ball 1-0: Ball 2-0: Called Strike 2-1: SINGLE (Groundball, 15S, EV 69.4 MPH) (infield hit) Sean Neuroth to third Kazuyoshi Nakamura to second
|
Batting: RHB Russ Shambaugh
|
0-0: Ball 1-0: Ball 2-0: Ball 3-0: Called Strike 3-1: Called Strike 3-2: Foul Ball, location: 2F 3-2: Foul Ball, location: 2F 3-2: SINGLE (Groundball, 25, EV 63.8 MPH) (infield hit) Sean Neuroth scores Kazuyoshi Nakamura to third Scott King to second
|
Batting: RHB Pat Bernier
|
0-0: SINGLE (Groundball, 56D, EV 96.2 MPH) Kazuyoshi Nakamura scores Scott King to third Russ Shambaugh to second Runner from 3rd tries for Home, throw by LF and OUT! 7-2
|
Top of the 7th over - 2 runs, 3 hits, 0 errors, 2 left on base; Scranton WB 7 - Columbus 2 |
BOTTOM OF THE 7TH |
Columbus Clippers batting - Pitching for Scranton WB RailRiders : RHP Ricardo Villar
|
Batting: RHB Nate Singleton
|
0-0: Called Strike 0-1: Ball 1-1: Ground out 4-3 (Groundball, 4, EV 81.2 MPH)
|
Batting: SHB Jonathan DeFranco
|
0-0: Ball 1-0: Called Strike 1-1: SINGLE (Groundball, 4MD, EV 104.4 MPH)
|
Pitching: LHP Cody Kane
|
|
Batting: RHB Tristan Dennis
|
0-0: Ball 1-0: Foul Ball, location: 2F 1-1: Swinging Strike 1-2: Fly out, F9 (Flyball, 89S, EV 85.0 MPH)
|
Batting: LHB Anthony Mosley
|
0-0: Called Strike 0-1: Called Strike 0-2: Foul Ball, location: 2F 0-2: Foul Ball, location: 2F 0-2: Ball 1-2: Ground out 4-3 (Groundball, 4, EV 103.8 MPH)
|
Bottom of the 7th over - 0 runs, 1 hit, 0 errors, 1 left on base; Scranton WB 7 - Columbus 2 |
TOP OF THE 8TH |
Scranton WB RailRiders batting - Pitching for Columbus Clippers : RHP Jon Samer
|
Batting: LHB Brad Ritter
|
0-0: Ground out 4-3 (Groundball, 4, EV 89.4 MPH)
|
Batting: LHB Justin Covington
|
0-0: Foul Ball, location: 2F 0-1: Ball 1-1: Ball 2-1: Swinging Strike 2-2: Ball 3-2: Strikes out swinging
|
Batting: RHB Neal Tinoco
|
0-0: Called Strike 0-1: Ball 1-1: SINGLE (Groundball, 56S, EV 65.6 MPH) (infield hit)
|
Pitching: RHP John Morrison
|
|
Batting: RHB Ryan Alban
|
0-0: Ball Neal Tinoco steals 2nd base 1-0: Called Strike 1-1: Foul Ball, location: 2F 1-2: Strikes out looking
|
Top of the 8th over - 0 runs, 1 hit, 0 errors, 1 left on base; Scranton WB 7 - Columbus 2 |
BOTTOM OF THE 8TH |
Columbus Clippers batting - Pitching for Scranton WB RailRiders : LHP Cody Kane
|
Batting: SHB Mike Gross
|
0-0: Foul Ball, location: 2F 0-1: Ball 1-1: Ball 2-1: DOUBLE (Line Drive, 8LXD, EV 100.0 MPH)
|
Batting: LHB Doug Frampton
|
0-0: Called Strike 0-1: Ball 1-1: Foul Ball, location: 2F 1-2: Ground out 5-3 (Groundball, 56, EV 103.1 MPH)
|
Batting: RHB Chris Folse
|
0-0: Ball 1-0: Ball 2-0: Foul Ball, location: 2F 2-1: Called Strike 2-2: Ball 3-2: Ground out 6-3 (Groundball, 6, EV 85.0 MPH)
|
Batting: SHB Danny Simmons
|
0-0: Ball 1-0: Called Strike 1-1: Swinging Strike 1-2: Ball 2-2: Foul Ball, location: 2F 2-2: Fly out, F4 (Popup, 4S, EV 65.6 MPH)
|
Bottom of the 8th over - 0 runs, 1 hit, 0 errors, 1 left on base; Scranton WB 7 - Columbus 2 |
TOP OF THE 9TH |
Scranton WB RailRiders batting - Pitching for Columbus Clippers : RHP John Morrison
|
Batting: RHB Sean Neuroth
|
0-0: Ball 1-0: Called Strike 1-1: TRIPLE (Flyball, 78XD, EV 108.8 MPH)
|
Batting: LHB Kazuyoshi Nakamura
|
0-0: Ground out 6-3 (Groundball, 6, EV 82.5 MPH) Sean Neuroth scores
|
Batting: RHB Scott King
|
0-0: Ball 1-0: Ball 2-0: Foul Ball, location: 2F 2-1: Foul Ball, location: 2F 2-2: Foul Ball, location: 2F 2-2: Ground out 5-3 (Groundball, 56, EV 85.6 MPH)
|
Batting: RHB Russ Shambaugh
|
0-0: Swinging Strike 0-1: Ball 1-1: Ball 2-1: Foul Ball, location: 2F 2-2: Strikes out swinging
|
Top of the 9th over - 1 run, 1 hit, 0 errors, 0 left on base; Scranton WB 8 - Columbus 2 |
BOTTOM OF THE 9TH |
Columbus Clippers batting - Pitching for Scranton WB RailRiders : LHP Cody Kane
|
Batting: LHB Eric Zacher
|
0-0: Ground out 1-3 (Groundball, 13S, EV 68.1 MPH)
|
Batting: RHB Nate Singleton
|
0-0: Ball 1-0: Foul Ball, location: 2F 1-1: Ground out 5-3 (Groundball, 56, EV 83.1 MPH)
|
Batting: SHB Jonathan DeFranco
|
0-0: Called Strike 0-1: Foul Ball, location: 2F 0-2: Foul Ball, location: 2F 0-2: Ball 1-2: Ball 2-2: Ground out 6-3 (Groundball, 6, EV 77.5 MPH)
|
Bottom of the 9th over - 0 runs, 0 hits, 0 errors, 0 left on base; Scranton WB 8 - Columbus 2 |
|